 Dungeon Crawl Stone Soup version 0.31-a0-532-g28f74ba3e5 (webtiles) character file.

Game seed: 12389695261732519890

126 Iich the Trooper (level 5, 0/47 HPs)
             Began as a Hill Orc Fighter on Aug 13, 2023.
             Slain by Edmund
             ... wielding a +2 dire flail of holy wrath
              (5 damage)
             ... on level 4 of the Dungeon.
             The game lasted 00:05:43 (2329 turns).

Iich the Trooper (Hill Orc Fighter)                 Turns: 2329, Time: 00:05:44

Health: 0/47       AC: 11    Str: 19    XL:     5   Next: 9%
Magic:  5/5        EV:  5    Int:  8    God:
Gold:   140        SH:  4    Dex: 12    Spells: 4/4 levels left

rFire   . . .        a - +0 war axe
rCold   . . .        c - +0 buckler
rNeg    . . .        h - +0 plate armour
rPois   .            (no helmet)
rElec   .            (no cloak)
rCorr   .            (no gloves)
SInv    .            (no boots)
Will    .....        (no amulet) Stlth
                     (no ring)
HPRegen 0.27/turn    (no ring)
MPRegen 0.09/turn

%: no passive effects
@: no status effects
A: no striking features
a: no special abilities


You were on level 4 of the Dungeon.
You visited 1 branch of the dungeon, and saw 4 of its levels.

You collected 140 gold pieces.

Inventory:

Hand Weapons
 a - a +0 war axe (weapon)
Armour
 b - a +0 scale mail
 c - a +0 buckler (worn)
 h - a +0 plate armour (worn)
Jewellery
 W - a ring of wizardry
Talismans
 q - a flux talisman
Wands
 i - a wand of roots (11)
Scrolls
 f - a scroll of vulnerability
 g - 2 scrolls of revelation
 k - a scroll of torment
 o - 2 scrolls of teleportation {unknown}
 p - a scroll of amnesia {unknown}
Potions
 d - 2 potions of might
 m - a potion of mutation {unknown}
 n - a potion of brilliance {unknown}


   Skills:
 + Level 4.9 Fighting
 + Level 4.3 Axes
 - Level 3.2 Armour
 + Level 2.0 Dodging
 - Level 3.2 Shields


You had 4 spell levels left.
You didn't know any spells.
Your spell library contained the following spells:

 Spells                   Type           Power      Damage    Failure   Level
 Cigotuvi's Dreadful Rot  Necr/Pois/Air  0%         N/A       100%        2
 Ignite Poison            Fire/Tmut/Pois 0%         N/A       100%        3
 Summon Ice Beast         Ice/Summ       0%         N/A       100%        4
 Freezing Cloud           Conj/Ice/Air   0%         6-21      100%        5
 Summon Mana Viper        Hex/Summ       0%         N/A       100%        5
 Monstrous Menagerie      Summ           0%         N/A       100%        7


Dungeon Overview and Level Annotations

Branches:
Dungeon (4/15)
 Temple: D:4-7

Altars:
Elyvilon
Sif Muna
Wu Jian

Annotations:
D:4 Edmund


Message History

Edmund hits you with a +2 dire flail of holy wrath!
You take 15 damage, and have 28/47 hp. !!!!--MASSIVE DAMAGE--!!!!
You barely miss Edmund.
Edmund hits you with a +2 dire flail of holy wrath.
You take 6 damage, and have 22/47 hp.
You slash Edmund!
Edmund is moderately wounded.
Edmund hits you with a +2 dire flail of holy wrath!
* * * LOW HITPOINT WARNING * * *
You take 8 damage, and have 14/47 hp.
You slash Edmund!
Edmund is heavily wounded.
Edmund hits you but does no damage.
Unknown command.
Aiming: Fastroot
Press: ? - help, Q - select action Shift-Dir - straight line, f - Edmund
Aim: Edmund, wielding a +2 dire flail of holy wrath and wearing a +0 scale mail (heavily wounded)
The roots erupt in riotous growth!
Roots grab Edmund.
The grasping roots constrict Edmund.
You hear an angry hiss.
You block Edmund's attack.
You hit Edmund.
Edmund is heavily wounded.
The grasping roots constrict Edmund!
The roots release their grip on Edmund.
You block Edmund's attack. Edmund barely misses you.
You hit Edmund.
Edmund is almost dead.
Edmund gestures with his flail.
Edmund hits you with a +2 dire flail of holy wrath!
* * * LOW HITPOINT WARNING * * *
You take 10 damage, and have 5/47 hp. !!!!--MASSIVE DAMAGE--!!!!
Aiming: Fastroot
Press: ? - help, Q - select action Shift-Dir - straight line, f/p - Edmund
Aim: Edmund, wielding a +2 dire flail of holy wrath and wearing a +0 scale mail (almost dead)
The roots erupt in riotous growth!
Roots grab Edmund.
The grasping roots constrict Edmund, but do no damage.
Edmund hits you with a +2 dire flail of holy wrath.
You die...

####
..# ...
#.#
#.###.#
#@@...#
#.#####
#.# #.#
#.# #..
###


You could see Edmund (rooted).

Vanquished Creatures
  An iguana (D:3)
  An orc wizard (D:3)
  3 adders
  A worm (D:2)
  A dart slug (D:2)
  3 orcs (D:3)
  2 ball pythons
  4 bats (D:2)
  3 endoplasms
  2 giant cockroaches
  4 goblins
  4 hobgoblins
  3 jackals (D:1)
  A quokka (D:2)
  4 frilled lizards
  2 kobolds
  3 rats
42 creatures vanquished.

Notes
Turn   | Place    | Note
-------+----------+-------------------------------------------
     0 | D:1      | Iich the Hill Orc Fighter began the quest for the Orb.
     0 | D:1      | Reached XP level 1. HP: 19/19 MP: 1/1
   112 | D:1      | Reached XP level 2. HP: 27/27 MP: 2/2
   771 | D:2      | Reached skill level 1 in Dodging
   771 | D:2      | Reached XP level 3. HP: 29/33 MP: 3/3
  1087 | D:2      | Found a white marble altar of Elyvilon.
  1331 | D:3      | Found an ornate altar of the Wu Jian Council.
  1358 | D:3      | Reached XP level 4. HP: 39/41 MP: 4/4
  1655 | D:3      | Found a faded altar of an unknown god.
  1661 | D:3      | Found a shimmering blue altar of Sif Muna.
  2006 | D:4      | Noticed Edmund
  2021 | D:3      | Reached XP level 5. HP: 21/47 MP: 5/5
  2329 | D:4      | Slain by Edmund

Illustrated notes

Levels and vault maps discovered:
D:1:      dreamdust_arrival_beginning_and_end, layout_basic, serial_park_tiny_2,
          hex_tiny
D:2:      layout_rooms, basic_altar, grunt_ministairs_1
D:3:      layout_basic, nicolae_overflow_ecumenical_swirl,
          mainiacjoe_overflow_24_doors, amcnicky_mini_pool_small
D:4:      layout_basic, mainiacjoe_overflow_brackets, minmay_misc_feat_tiny,
          uniq_duvessa, uniq_natasha, uniq_edmund

Skill      XL: |  1  2  3  4 |
---------------+-------------+-----
Axes           | 3 4 |  4.3
Fighting       | 4 |  4.9
Dodging        | 1 2 |  2.0
Armour         | |  3.2
Shields        | |  3.2

Action                     |  1- 3 |  4- 6 || total
---------------------------+-------+-------++-------
  Melee: War axe           |    75 |    63 ||   138
  Evoke: Wand              |       |     2 ||     2
    Use: Scroll            |     3 |     1 ||     4
         Potion            |       |     3 ||     3
 Armour: Scale mail        |    11 |       ||    11
         Plate armour      |    38 |    47 ||    85
  Dodge: Dodged            |    30 |     8 ||    38
  Block: Buckler           |    15 |    11 ||    26

Table legend: (Time is in decaauts)
 A = Elapsed time spent in this place.
 B = Non-inter-level travel time spent in this place.
 C = Inter-level travel time spent in this place.
 D = Time resting spent in this place.
 E = Time spent auto-exploring this place.
 F = Levels seen in this place.
 G = Mean time per level.
                   A        B        C        D        E       F      G
               +--------+--------+--------+--------+--------+-----+--------+
         Total |   2359 |   2286 |     73 |    295 |   1602 |   4 |  589.8 |
       Dungeon |   2359 |   2286 |     73 |    295 |   1602 |   4 |  589.8 |
               +--------+--------+--------+--------+--------+-----+--------+

Top non-repeatable levels by time:
     D:3: 1017 daAuts
     D:1: 779 daAuts
     D:2: 542 daAuts
     D:4: 20 daAuts
